 Dungeon Crawl Stone Soup version 0.29.0 (webtiles) character file.

Game seed: 45068480875476350

128 Orban the Ruffian (level 5, -7/42 HPs)
             Began as a Ghoul Gladiator on Sept 1, 2022.
             Mangled by Menkaure (14 damage)
             ... on level 4 of the Dungeon.
             The game lasted 00:08:38 (3696 turns).

Orban the Ruffian (Ghoul Gladiator)                 Turns: 3696, Time: 00:08:39

Health: -7/42      AC:  7    Str: 16 (20) XL:     5   Next: 11%
Magic:  4/4        EV: 12    Int: -1 (3)  God:
Gold:   130        SH:  0    Dex:  8 (10) Spells: 4/4 levels left

rFire   . . .      SeeInvis .     - Unarmed
rCold   + + .      Faith    .   (no shield)
rNeg    + + +      Spirit   .   u - +2 leather armour {rC+}
rPois   ∞          Reflect  .   b - +0 helmet
rElec   .          Harm     .   (no cloak)
rCorr   .          Rampage  .   (no gloves)
Will    .....                   l - +0 pair of boots
Stlth   +.........              (no amulet)
HPRegen 0.00/turn               (no ring)
MPRegen 0.09/turn               (no ring)

@: inhibited regen, slowed, lost intelligence, unable to read, very slow
A: claws 1, cold resistance 1, negative energy resistance 3, inhibited
regeneration, torment resistance 2, devour on kill
a: no special abilities


You were on level 4 of the Dungeon.
You visited 1 branch of the dungeon, and saw 4 of its levels.

You collected 130 gold pieces.

Inventory:

Hand Weapons
 f - a +1 dagger of holy wrath
 o - a +2 short sword of holy wrath
Missiles
 c - 4 throwing nets (quivered)
 d - 7 javelins
Armour
 a - a +0 leather armour
 b - a +0 helmet (worn)
 k - a +0 ring mail
 l - a +0 pair of boots (worn)
 u - a +2 leather armour of cold resistance (worn)
Wands
 y - a wand of digging (6)
Scrolls
 t - a scroll of magic mapping
Potions
 e - 3 potions of heal wounds
 i - a potion of mutation
 n - a potion of lignification


   Skills:
 * Level 2.3 Fighting
 - Level 2.0 Throwing
 - Level 1.3 Armour
 * Level 3.2 Dodging
 + Level 0.7 Stealth
 * Level 5.1 Unarmed Combat


You had 4 spell levels left.
You didn't know any spells.
Your spell library contained the following spells:

 Spells                   Type           Power      Damage    Failure   Level
 Slow                     Hex            0%         N/A       67%         1
 Confusing Touch          Hex            0%         N/A       95%         3
 Vampiric Draining        Necr           0%         2d6       95%         3


Dungeon Overview and Level Annotations

Branches:
Dungeon (4/15)
 Temple: D:4-7

Altars:

Annotations:
D:4 Menkaure


Innate Abilities, Weirdness & Mutations

You are immune to poison.
You have sharp fingernails.
Your flesh is cold resistant. (rC+)
You are immune to negative energy. (rN+++)
You do not regenerate when monsters are visible.
You are immune to unholy pain and torment.
You thrive by killing the living.


Message History

There is a stone staircase leading down here.
You climb downwards.
There is a stone staircase leading up here.
Found a stone staircase leading down.
Menkaure, Prince of Dust comes into view.
Found a scroll labelled GADI NECICI.
You see here 14 gold pieces.
Sorry, you're not good enough to have a special ability.
There is a stone staircase leading down here.
You closely miss Menkaure. Menkaure barely misses you.
You claw Menkaure!
Menkaure is moderately damaged.
Menkaure hits you!
You barely miss Menkaure.
Menkaure is moderately damaged.
Menkaure closely misses you.
You scratch Menkaure but do no damage.
Menkaure is moderately damaged.
Menkaure hits you!
You are too injured to fight recklessly!
You barely miss Menkaure.
Menkaure is moderately damaged.
Menkaure casts a spell.
Menkaure seems to speed up.
Menkaure's bandages flutter.
Menkaure hits you but does no damage.
You scratch Menkaure.
Menkaure is heavily damaged.
Menkaure rustles, "It doesn't hurt if you pull your brain out of your nose yourself."
Menkaure hits you.
* * * LOW HITPOINT WARNING * * *
You scratch Menkaure but do no damage.
Menkaure is heavily damaged.
Menkaure shouts, "The sands of time shall wipe you from history!"
Menkaure barely misses you.
A quokka comes into view.
Menkaure hits you.
* * * LOW HITPOINT WARNING * * *
Menkaure hits you!
You die...

#......######.##
#.....r.......
#....#..##..#
#.#.##.## ..
#<##.## #.
#.##..##
#.###.##$..#
#......#.#....?.
#....@.#......
#.....M...###..
#.........## .
+........##
#........#
##........
##.......
##...####


You could see Menkaure (fast) and a quokka (wandering).

Vanquished Creatures
  A hound (D:3)
  2 adders
  A worm (D:2)
  2 dart slugs
  5 orcs (D:3)
  8 ball pythons
  4 bats
  3 endoplasms (D:2)
  2 giant cockroaches
  5 goblins
  7 hobgoblins
  7 jackals (D:1)
  A quokka (D:3)
  2 frilled lizards (D:3)
  9 kobolds
  3 rats (D:3)
62 creatures vanquished.

Notes
Turn   | Place    | Note
-------+----------+-------------------------------------------
     0 | D:1      | Orban the Ghoul Gladiator began the quest for the Orb.
     0 | D:1      | Reached XP level 1. HP: 17/17 MP: 0/0
   134 | D:1      | Reached XP level 2. HP: 24/24 MP: 1/1
   470 | D:1      | Reached XP level 3. HP: 29/29 MP: 2/2
   554 | D:1      | Reached skill level 4 in Unarmed Combat
  2072 | D:2      | Reached XP level 4. HP: 28/36 MP: 3/3
  2624 | D:3      | Reached skill level 1 in Armour
  2823 | D:3      | Reached skill level 5 in Unarmed Combat
  2825 | D:3      | Reached XP level 5. HP: 40/42 MP: 4/4
  3492 | D:3      | Lost intelligence.
  3686 | D:4      | Noticed Menkaure
  3696 | D:4      | Mangled by Menkaure

Illustrated notes

Levels and vault maps discovered:
D:1:      nicolae_arrival_somewhat_less_tricky_arrival, layout_basic
D:2:      layout_basic
D:3:      minmay_chambers_of_threes, layout_basic, mrwooster_statue_mirror,
          minmay_unequal
D:4:      layout_loops_corners, nicolae_overflow_crystal_walls,
          mainiacjoe_overflow_small_starburst, palyth_stone_intersect,
          uniq_menkaure, uniq_pikel

Skill      XL: |  1  2  3  4 |
---------------+-------------+-----
Throwing       | 2 |  2.0
Dodging        | 3 |  3.2
Unarmed Combat | 4 5 |  5.1
Armour         | 1 |  1.3
Fighting       | |  2.3
Stealth        | |  0.7

Action                   |  1- 3 |  4- 6 || total
-------------------------+-------+-------++-------
Melee: Unarmed           |   132 |    67 ||   199
       Punch             |       |     1 ||     1
Throw: Throwing net      |       |     4 ||     4
       Javelin           |       |     1 ||     1
  Use: Potion            |       |    10 ||    10
       Scroll            |       |     5 ||     5
Armor: Leather armour    |    17 |    21 ||    38
       Ring mail         |     6 |     1 ||     7
Dodge: Dodged            |    85 |    45 ||   130
